Map: Pylon LE

Players

ManlyManMeat

  • Race: Zerg Zerg
  • League: Diamond
  • Spawn Location: 5:00

AstreLLH - Winner!

  • Race: Terran Terran
  • League: Master
  • Spawn Location: 11:00

VOD

Have the link to the VOD?

Description

Time

  • Played on: July 1, 2025, 4:44 a.m.
  • Length: 8:54
Show
View Real Time Build Order
Export as new Build Order

ManlyManMeat Zerg 

Build Orders: Hatch First 

Get SALT Encoding   

  12  0:00  Drone  
  13  0:08  Drone  
  14  0:17  Extractor  
  14  0:18  Drone  
  15  0:22  Overlord  
  15  0:41  Drone  
  16  0:46  Hatchery  
  16  0:49  Drone  
  16  0:53  Drone  
  17  0:58  Drone  
  18  1:09  Extractor  
  17  1:14  Spawning Pool  
  17  1:17  Drone  
  17  1:20  Drone  
  18  1:26  Drone  
  19  1:37  Drone  
  20  2:00  Queen  
  22  2:02  Queen  
  22  2:04  Zergling x6  
  27  2:12  Overlord  
  27  2:20  Drone  
  28  2:32  Drone x2  
  28  2:33  Drone x2  
  32  2:51  Drone x2  
  33  3:06  Drone x2  
  33  3:09  Overlord  
  33  3:10  Overlord  
  35  3:17  Metabolic Boost  
  35  3:20  Baneling Nest  
  34  3:27  Extractor, Queen x2  
  37  3:39  Zergling x4  
  39  3:41  Drone x3  
  39  3:42  Drone  
  43  3:58  Overlord  
  43  4:00  Overlord  
  43  4:01  Overlord  
  43  4:21  Drone, Hatchery  
  43  4:24  Lair  
  43  4:26  Evolution Chamber x2  
  43  4:28  Roach Warren  
  40  4:32  Drone x4  
  43  4:42  Queen  
  43  4:44  Drone x3  
  43  4:45  Drone  
  49  4:50  Zergling x4  
  49  4:51  Zergling x6  
  49  4:52  Zerg Melee Weapons Level 1  
  54  4:56  Zerg Ground Armor Level 1  
  54  4:57  Baneling  
  54  4:58  Baneling  
  54  5:10  Spore Crawler  
  54  5:12  Spore Crawler  
  52  5:19  Zergling x2  
  52  5:20  Zergling x10  
  54  5:28  Zergling x6  
  52  5:36  Zergling x4  
  54  5:43  Drone x2  
  56  5:50  Zergling x2  
  56  5:51  Zergling x12  
  63  6:02  Overseer  
  63  6:03  Centrifugal Hooks  
  63  6:06  Extractor  
  53  6:26  Drone x2  
  53  6:27  Drone x3  
  57  6:45  Zergling x28  
  50  7:12  Zergling x22  
  52  7:25  Zergling x6  
  52  7:26  Zergling x10  
  53  7:39  Zergling x4  
  53  7:43  Zergling x6  
  45  7:58  Zergling x4  
  45  7:59  Zergling x6  
  26  8:13  Zergling x8  
Show
View Real Time Build Order
Export as new Build Order

AstreLLH Terran - Winner!

Build Orders: Liberator Opening 

Get SALT Encoding   

  12  0:03  SCV  
  13  0:15  SCV  
  13  0:20  Supply Depot  
  14  0:27  SCV  
  15  0:30  Refinery  
  15  0:44  Barracks  
  15  0:47  SCV  
  16  1:01  Barracks  
  16  1:02  SCV  
  17  1:14  SCV  
  18  1:21  Refinery  
  18  1:26  SCV  
  18  1:31  Reaper  
  20  1:34  Supply Depot  
  20  1:38  SCV  
  21  1:50  SCV  
  21  1:53  Barracks Reactor  
  22  2:02  SCV  
  22  2:04  Barracks Reactor  
  22  2:07  Barracks Tech Lab  
  23  2:10  Supply Depot  
  23  2:14  SCV  
  24  2:22  Factory  
  24  2:33  Marine x3  
  24  2:35  Stimpack  
  27  3:04  Marine  
  27  3:06  Orbital Command  
  27  3:08  Factory Reactor  
  27  3:09  Starport  
  27  3:17  Supply Depot  
  27  3:19  Marine  
  27  3:20  Marine  
  27  3:22  Marine  
  30  3:37  Marine x2  
  30  3:40  Marine  
  33  3:55  Marine x2, Liberator  
  36  3:56  Liberator  
  36  3:59  Marine, Factory Tech Lab  
  42  4:13  Marine x2  
  44  4:19  Combat Shield  
  44  4:32  Command Center  
  44  4:36  Marine  
  45  4:40  Medivac  
  47  5:05  Marine x3, Siege Tank, Medivac  
  55  5:43  Marine  
  55  5:44  Siege Tank  
  55  5:46  Orbital Command  
  55  5:49  SCV  
  60  5:54  Marine x2  
  62  6:01  Marine, SCV  
  64  6:11  Marine  
  65  6:23  Siege Tank  
  65  6:25  SCV x2  
  70  6:32  Supply Depot  
  70  6:43  Marine, Medivac  
  70  6:45  SCV  
  70  6:54  SCV, Liberator  
  62  7:17  Marine x3  
  62  7:19  SCV x2  
  67  7:31  SCV  
  67  7:32  SCV  
  67  7:35  Marine x3  
  71  7:43  SCV  
  69  7:53  Marine x3  
  66  8:11  Marine x3  
  61  8:28  Marine  
  61  8:29  Marine x2  
  57  8:47  Barracks  
  61  8:50  Barracks, Engineering Bay  
  61  8:52  Engineering Bay  
Tags
 
Add a new tag
Caveats
  • Supply blocks, unpowered buildings, or Contaminate may cause inaccurate times.
  • Supply counts are checked every 10 seconds.